AoeStats
← potatoes

MegaRandom

510288825Analyzed
4v4 RM · 20h ago on Sep 30, 2026· 41m 54s· 8 players
Game mode
Random Map
Map size
Large (8 player)
Population
200
Speed
Normal
Resources
Standard
Victory
Conquest
Starting age
Dark Age
Ending age
Imperial Age
RankedLock teamsTeams togetherTeam positionsShared explorationLock speedFull tech treeHidden civsTurbo modeCheats
Victory
Defeat
🇦🇺 Cumans · Australia
1074
+12
🇯🇵 Mongols · Japan
1051
+13
🇨🇳 Huns · China
973
+40
🇦🇺 Danes · Australia
928
+19
🇫🇷 Lithuanians · France
1034
-16
🇨🇳 Goths · China
986
-15
🇨🇳 Varangians · China
977
-15
🇨🇳 Danes · China
950
-14
Mike Parlow
1:57 Loom
7:49 Loom
11:35 Feudal Age
16:04 Castle Age
14:52 Horse Collar
17:48 Fishing Lines
20:11 Fervor
19:57 Double-Bit Axe
22:02 Gillnets
22:06 Fletching
23:20 Bow Saw
24:06 Ballistics
24:28 Wheelbarrow
24:16 Gold Mining
25:48 Hand Cart
26:49 Heavy Plow
26:50 Town Watch
27:17 Bodkin Arrow
34:19 Imperial Age
34:43 Elite Longship
35:27 Bracer
36:30 Chemistry
37:32 Careening
37:36 Clinker Construction
37:49 Shipwright
39:44 Gold Shaft Mining
40:03 Carvel Hull
40:04 Dry Dock
SAKA
11:37 Feudal Age
16:06 Castle Age
14:13 Double-Bit Axe
14:21 Gold Mining
19:45 Wheelbarrow
18:55 Loom
20:18 Gold Shaft Mining
20:03 Horse Collar
25:50 Fishing Lines
28:55 Imperial Age
26:57 Stone Mining
28:05 Bow Saw
29:21 Medium Warships
29:53 Hand Cart
29:24 Town Watch
31:54 Nomads
32:15 Drill
33:20 Stone Shaft Mining
33:20 Scale Barding Armor
33:06 Fletching
33:17 Padded Archer Armor
33:50 Heavy Plow
34:57 Forging
36:00 Gillnets
37:49 Elite Mangudai
39:47 Bodkin Arrow
40:12 Chain Barding Armor
40:28 Iron Casting
40:09 Leather Archer Armor
QueenWss
14:55 Feudal Age
15:21 Feudal Age
32:30 Double-Bit Axe
Not Dwight Kurt Schrute III
12:34 Feudal Age
13:59 Fishing Lines
14:29 Double-Bit Axe
21:34 Castle Age
19:39 Loom
20:04 Fletching
21:41 Wheelbarrow
20:52 Town Watch
22:37 Bodkin Arrow
23:25 Town Watch
24:33 Gillnets
25:23 Gold Mining
25:47 Town Patrol
27:13 Medium Warships
28:03 Horse Collar
31:52 Hand Cart
35:24 Imperial Age
34:39 Bloodlines
35:34 Forging
35:31 Scale Barding Armor
35:26 Cavalier
36:58 Iron Casting
37:14 Cuman Mercenaries
36:48 Paladin
38:06 Steppe Husbandry
39:32 Heavy Plow
41:14 Blast Furnace
41:33 Crop Rotation
potatoes
12:52 Feudal Age
13:38 Double-Bit Axe
13:40 Horse Collar
21:25 Castle Age
27:35 Scale Mail Armor
27:45 Forging
27:26 Fletching
30:19 Ballistics
29:50 Guard Tower
30:11 Heavy Plow
30:37 Medium Warships
33:14 Bow Saw
34:13 Gold Mining
34:13 Stone Mining
36:59 Imperial Age
35:49 Masonry
39:46 Wheelbarrow
38:56 Town Watch
38:36 Onager
40:29 Chemistry
39:35 Siege Engineers
39:26 Murder Holes
39:19 Arrowslits
40:02 Siege Onager
41:24 Stone Shaft Mining
41:11 Chain Mail Armor
Rywendyre
13:36 Feudal Age
14:14 Horse Collar
14:22 Double-Bit Axe
14:28 Loom
14:42 Fishing Lines
22:15 Castle Age
21:11 Gold Mining
21:45 Stone Mining
22:49 Gillnets
23:47 Heavy Plow
23:58 Bow Saw
28:01 Wheelbarrow
29:08 Stone Shaft Mining
32:52 Imperial Age
32:33 Hand Cart
32:33 Forging
32:23 Scale Mail Armor
32:53 Man-at-Arms
33:33 Squires
34:03 Conscription
33:46 Perfusion
33:36 Long Swordsman
35:15 Iron Casting
34:40 Two-Handed Swordsman
36:15 Crop Rotation
36:47 Pikeman
37:11 Halberdier
38:52 Champion
alexggg56
7:44 Loom
12:04 Feudal Age
12:39 Double-Bit Axe
17:30 Castle Age
15:16 Horse Collar
15:52 Gold Mining
17:20 Wheelbarrow
20:34 Medium Warships
21:11 Bow Saw
24:14 Hand Cart
23:46 Town Watch
24:53 Clinker Construction
24:54 Careening
24:27 Treadmill Crane
25:02 Masonry
25:14 Stone Mining
27:45 Stone Shaft Mining
27:47 Heavy Plow
32:22 Fletching
32:37 Scale Barding Armor
32:43 Forging
32:58 Ballistics
32:35 Murder Holes
32:51 Fortified Wall
32:45 Heated Shot
33:16 Bodkin Arrow
33:41 Hill Forts
38:11 Imperial Age
38:08 Chain Barding Armor
37:50 Padded Archer Armor
38:26 Iron Casting
37:52 Scale Mail Armor
39:21 Heavy Warships
39:27 Dry Dock
39:37 Carvel Hull
40:19 Chemistry
40:11 Architecture
40:08 Conscription
40:56 Tower Shields
anit
7:20 Loom
13:27 Feudal Age
14:23 Horse Collar
14:30 Double-Bit Axe
21:10 Wheelbarrow
23:08 Gold Mining
23:08 Stone Mining
25:41 Castle Age
25:33 Bloodlines
25:40 Bloodlines
25:25 Arson
25:32 Fletching
26:14 Stone Mining
27:32 Bow Saw
28:19 Heavy Plow
28:36 Medium Warships
28:24 Bodkin Arrow
28:41 Husbandry
28:45 Squires
31:07 Stone Shaft Mining
32:05 Forging
31:56 Scale Mail Armor
32:02 Scale Barding Armor
31:58 Padded Archer Armor
32:28 Hand Cart
32:19 Light Cavalry
36:51 Imperial Age
34:07 Town Watch
35:21 Ballistics
35:14 Clinker Construction
37:17 Careening
37:13 Siphons
36:50 Pikeman
38:11 Iron Casting
39:19 Hussar
41:02 Blast Furnace
40:23 Chain Barding Armor
40:23 Town Patrol
40:57 Elite Longship
Connection lost

Rejoining the realm…

Still unreachable

The connection could not be restored.

Session expired

The server has moved on; the page needs a fresh start.